[ PARTIDA AOE2 · #505612522 ]
UnrankedEtíopes vs Magyars
Equipo del jugador · VICT
Equipo rival · DERR
[ ANÁLISIS DE REPETICIÓN · EXTRAÍDO DE LA PARTIDA GRABADA ]
Feudal
14:39
Castillos
—
Imperial
—
| APM promedio | 39.4 |
| APM pico | 70 |
| eAPM promedio | 10.4 |
| Aldeanos / militares | 29 / 0 |
Foco
⚔️ 10.9% · 🌾 89.1%
Fishing Ship ×9 · Unknown (2626) ×3
Feudal
13:40
Castillos
—
Imperial
—
| APM promedio | 29.9 |
| APM pico | 46 |
| eAPM promedio | 12.9 |
| Aldeanos / militares | 34 / 4 |
Foco
⚔️ 33.7% · 🌾 66.3%
Fishing Ship ×6 · Militia ×4
Mapa de la partida
Recursos iniciales + cada clic de construcción. Líneas = muros · curvas = relieve. ◆ oro · ⬟ piedra · ● bayas · ✦ reliquia · ◌ hueco del cierre
Tu base· Abierta — flanco sin cerrar
Base de alican43· Abierta — flanco sin cerrar
Terreno inicial suavizado · ◌ = hueco del cierre detectado · pasá el cursor para detalles
Inputs por minuto
— theanswer5 - - alican43
Build order — theanswer5
68 acciones detectadas en el replay
| 0:41 | Construir | Town Center |
| 1:28 | Construir | House |
| 2:42 | Encolar | Villager (Male) |
| 2:42 | Encolar | Villager (Male) |
| 3:21 | Construir | Dock |
| 3:24 | Encolar | Villager (Male) |
| 3:36 | Encolar | Villager (Male) |
| 4:06 | Encolar | Fishing Ship |
| 4:09 | Investigar | Loom |
| 4:33 | Construir | House |
| 5:03 | Encolar | Fishing Ship |
| 5:29 | Encolar | Villager (Male) |
| 6:00 | Encolar | Villager (Male) |
| 6:01 | Encolar | Villager (Male) |
| 6:31 | Encolar | Villager (Male) |
| 6:32 | Encolar | Villager (Male) |
| 6:34 | Encolar | Fishing Ship |
| 7:04 | Construir | House |
| 7:10 | Encolar | Villager (Male) |
| 7:47 | Encolar | Villager (Male) |
| 7:47 | Encolar | Villager (Male) |
| 8:08 | Encolar | Fishing Ship |
| 8:27 | Encolar | Villager (Male) |
| 8:32 | Construir | House |
| 8:50 | Encolar | Villager (Male) |
| 8:58 | Encolar | Fishing Ship |
| 9:12 | Encolar | Villager (Male) |
| 9:44 | Encolar | Villager (Male) |
| 9:47 | Encolar | Fishing Ship |
| 10:07 | Encolar | Villager (Male) |
| 10:12 | Construir | House |
| 10:29 | Encolar | Villager (Male) |
| 10:35 | Encolar | Fishing Ship |
| 10:44 | Construir | House |
| 10:59 | Encolar | Villager (Male) |
| 11:11 | Construir | House |
| 11:14 | Encolar | Villager (Male) |
| 11:20 | Encolar | Fishing Ship |
| 11:50 | Construir | Mill |
| 11:58 | Encolar | Villager (Male) |
| 12:29 | Investigar | Feudal Age |
| 13:01 | Encolar | Villager (Male) |
| 13:09 | Encolar | Fishing Ship |
| 14:39 | Edad | Edad Feudal |
| 14:52 | Construir | Market |
| 14:54 | Encolar | Villager (Male) |
| 15:07 | Construir | Dock |
| 15:17 | Construir | Lumber Camp |
| 15:22 | Encolar | Villager (Male) |
| 15:49 | Investigar | Double-Bit Axe |
| 15:57 | Encolar | Unit 2626 |
| 15:57 | Encolar | Unit 2626 |
| 16:13 | Encolar | Villager (Male) |
| 16:13 | Encolar | Villager (Male) |
| 16:20 | Construir | House |
| 16:33 | Construir | Watch Tower |
| 16:52 | Construir | Palisade Wall |
| 16:54 | Construir | Palisade Wall |
| 17:47 | Encolar | Unit 2626 |
| 17:59 | Construir | Blacksmith |
| 18:13 | Encolar | Villager (Male) |
| 18:13 | Encolar | Villager (Male) |
| 18:29 | Investigar | Fletching |
| 18:29 | Investigar | Fletching |
| 19:04 | Encolar | Villager (Male) |
| 19:08 | Investigar | Castle Age |
| 19:08 | Investigar | Castle Age |
| 19:27 | Construir | Lumber Camp |
Build order — alican43
84 acciones detectadas en el replay
| 1:32 | Construir | Town Center |
| 2:41 | Construir | House |
| 3:10 | Encolar | Villager (Male) |
| 3:11 | Encolar | Villager (Male) |
| 3:11 | Encolar | Villager (Male) |
| 3:11 | Encolar | Villager (Male) |
| 4:20 | Encolar | Villager (Male) |
| 4:40 | Construir | Dock |
| 5:07 | Construir | House |
| 5:16 | Encolar | Villager (Male) |
| 5:16 | Encolar | Villager (Male) |
| 5:40 | Encolar | Villager (Male) |
| 5:58 | Encolar | Fishing Ship |
| 6:15 | Encolar | Villager (Male) |
| 6:15 | Encolar | Villager (Male) |
| 6:45 | Encolar | Villager (Male) |
| 7:01 | Construir | House |
| 7:05 | Encolar | Villager (Male) |
| 7:27 | Encolar | Villager (Male) |
| 7:28 | Encolar | Fishing Ship |
| 8:01 | Encolar | Villager (Male) |
| 8:01 | Encolar | Villager (Male) |
| 8:02 | Encolar | Fishing Ship |
| 8:27 | Encolar | Villager (Male) |
| 8:28 | Encolar | Fishing Ship |
| 8:41 | Encolar | Villager (Male) |
| 8:48 | Encolar | Villager (Male) |
| 8:57 | Construir | House |
| 9:10 | Encolar | Villager (Male) |
| 9:15 | Investigar | Loom |
| 9:39 | Encolar | Villager (Male) |
| 10:02 | Encolar | Fishing Ship |
| 10:42 | Construir | Mining Camp |
| 10:43 | Encolar | Villager (Male) |
| 11:30 | Investigar | Feudal Age |
| 11:34 | Construir | Barracks |
| 12:15 | Construir | Mining Camp |
| 12:23 | Construir | House |
| 12:26 | Encolar | Militia |
| 12:26 | Encolar | Militia |
| 13:32 | Encolar | Militia |
| 13:40 | Edad | Edad Feudal |
| 13:54 | Encolar | Villager (Male) |
| 14:14 | Construir | Watch Tower |
| 14:20 | Encolar | Villager (Male) |
| 14:21 | Encolar | Villager (Male) |
| 14:34 | Investigar | Man-at-Arms (upgrade) |
| 14:55 | Encolar | Villager (Male) |
| 15:05 | Construir | Palisade Wall |
| 15:07 | Construir | Palisade Wall |
| 15:07 | Construir | Palisade Wall |
| 15:08 | Construir | Palisade Wall |
| 15:09 | Construir | Palisade Wall |
| 15:09 | Construir | Palisade Wall |
| 15:10 | Construir | Palisade Wall |
| 15:26 | Encolar | Villager (Male) |
| 15:31 | Encolar | Militia |
| 15:38 | Construir | House |
| 15:56 | Construir | Watch Tower |
| 16:15 | Encolar | Villager (Male) |
| 16:18 | Encolar | Fishing Ship |
| 16:36 | Construir | Watch Tower |
| 17:02 | Construir | Watch Tower |
| 17:08 | Encolar | Villager (Male) |
| 17:09 | Encolar | Villager (Male) |
| 17:16 | Construir | House |
| 17:18 | Construir | Palisade Wall |
| 17:23 | Construir | Palisade Wall |
| 17:24 | Construir | Palisade Wall |
| 17:26 | Construir | Palisade Wall |
| 17:39 | Encolar | Villager (Male) |
| 18:15 | Encolar | Villager (Male) |
| 18:15 | Encolar | Villager (Male) |
| 18:20 | Construir | Palisade Wall |
| 19:02 | Construir | Palisade Wall |
| 19:03 | Construir | Palisade Wall |
| 19:03 | Construir | Palisade Wall |
| 19:04 | Construir | Palisade Wall |
| 19:04 | Construir | Palisade Wall |
| 19:05 | Construir | Palisade Wall |
| 19:05 | Construir | Palisade Wall |
| 19:06 | Construir | Palisade Wall |
| 19:07 | Encolar | Villager (Male) |
| 19:26 | Encolar | Villager (Male) |
Cronología de la partida
| 3:21 | theanswer5 · first_building Dock |
| 4:40 | alican43 · first_building Dock |
| 11:34 | alican43 · first_building Barracks |
| 13:40 | alican43 · age_up feudal |
| 14:39 | theanswer5 · age_up feudal |
| 15:05 | alican43 · wall_segment Palisade Wall x1 |
| 15:07 | alican43 · wall_segment Palisade Wall x1 |
| 15:07 | alican43 · wall_segment Palisade Wall x1 |
| 15:08 | alican43 · wall_segment Palisade Wall x1 |
| 15:09 | alican43 · wall_segment Palisade Wall x1 |
| 15:09 | alican43 · wall_segment Palisade Wall x1 |
| 15:10 | alican43 · wall_segment Palisade Wall x1 |
| 16:52 | theanswer5 · wall_segment Palisade Wall x1 |
| 16:54 | theanswer5 · wall_segment Palisade Wall x1 |
| 17:18 | alican43 · wall_segment Palisade Wall x1 |
| 17:23 | alican43 · wall_segment Palisade Wall x1 |
| 17:24 | alican43 · wall_segment Palisade Wall x1 |
| 17:26 | alican43 · wall_segment Palisade Wall x1 |
| 18:20 | alican43 · wall_segment Palisade Wall x1 |
| 19:02 | alican43 · wall_segment Palisade Wall x1 |
| 19:03 | alican43 · wall_segment Palisade Wall x1 |
| 19:03 | alican43 · wall_segment Palisade Wall x1 |
| 19:04 | alican43 · wall_segment Palisade Wall x1 |
| 19:04 | alican43 · wall_segment Palisade Wall x1 |
| 19:05 | alican43 · wall_segment Palisade Wall x1 |
| 19:05 | alican43 · wall_segment Palisade Wall x1 |
| 19:06 | alican43 · wall_segment Palisade Wall x1 |
| 19:39 | alican43 · resign |
[ ANÁLISIS IA · 1 CRÉDITO ]
¿Qué pasó realmente en esta partida?
Wolo.gg analiza cada decisión: build order, eco, micro, errores típicos por bracket. Análisis personalizado por WhatsApp o Discord en 30 segundos.
Guía civ
Etíopes
Perfil
Jugador #16931029